AoeStats
← Erich Müller

Black Forest

508711278Analyzed
4v4 RM · 10d ago on Sep 23, 2026· 31m 3s· 8 players
Game mode
Random Map
Map size
Large (8 player)
Population
200
Speed
Normal
Resources
Standard
Victory
Conquest
Starting age
Dark Age
Ending age
Imperial Age
RankedLock teamsTeams togetherTeam positionsShared explorationLock speedFull tech treeHidden civsTurbo modeCheats
Victory
Defeat
🇲🇽 Britons · Mexico
1549
+17
🇲🇽 Varangians · Mexico
1528
+18
🇩🇪 Italians · Germany
1514
+18
🇧🇪 Spanish · Belgium
1463
+20
🇩🇪 Britons · Germany
1618
-20
🇩🇪 Bohemians · Germany
1611
-20
🇩🇪 Varangians · Germany
1584
-19
🇩🇪 Slavs · Germany
1448
-14
Malice
11:17 Feudal Age
14:41 Castle Age
14:50 Double-Bit Axe
14:45 Horse Collar
15:49 Bow Saw
15:39 Heavy Plow
24:13 Wheelbarrow
23:26 Loom
23:42 Gold Mining
25:28 Scale Barding Armor
25:56 Bloodlines
25:06 Light Cavalry
26:21 Devotion
26:49 Forging
30:15 Imperial Age
29:01 Hand Cart
29:32 Chain Barding Armor
30:10 Iron Casting
Emnesty_x3
0:58 Loom
9:52 Feudal Age
16:22 Fletching
18:16 Horse Collar
18:26 Double-Bit Axe
23:31 Castle Age
22:24 Gold Mining
23:32 Crossbowman
24:37 Bodkin Arrow
30:28 Imperial Age
29:13 Bow Saw
eloysuarez93
5:20 Loom
6:21 Loom
11:18 Feudal Age
14:56 Castle Age
13:00 Double-Bit Axe
12:55 Horse Collar
13:43 Horse Collar
13:58 Stone Mining
15:54 Bow Saw
16:22 Heavy Plow
23:26 Gold Mining
25:23 Wheelbarrow
26:29 Forging
26:42 Scale Barding Armor
29:36 Chain Barding Armor
30:19 Hand Cart
29:49 Town Watch
30:17 Bloodlines
31:14 Husbandry
Manu
0:44 Loom
13:01 Feudal Age
16:16 Double-Bit Axe
20:23 Castle Age
22:39 Horse Collar
23:44 Bow Saw
26:06 Imperial Age
23:39 Fletching
24:27 Gold Mining
25:36 Bodkin Arrow
27:05 Bracer
29:06 Ballistics
30:14 Conscription
Erich Müller
0:37 Loom
10:49 Feudal Age
14:28 Castle Age
13:20 Town Watch
13:54 Double-Bit Axe
14:37 Horse Collar
15:19 Heavy Plow
20:49 Fervor
22:05 Sanctity
31:00 Imperial Age
30:52 Ballistics
31:34 Chemistry
chrizbee
9:43 Feudal Age
13:13 Castle Age
11:26 Double-Bit Axe
13:46 Horse Collar
15:47 Loom
20:18 Wheelbarrow
23:00 Gold Mining
23:27 Bow Saw
23:20 Stone Mining
28:50 Imperial Age
27:17 Fletching
27:36 Scale Barding Armor
28:49 Bloodlines
30:31 Chain Barding Armor
KeremS
0:49 Loom
11:35 Feudal Age
17:56 Castle Age
18:18 Stone Mining
18:33 Double-Bit Axe
20:38 Horse Collar
23:18 Fletching
canttouchme
7:16 Loom
10:32 Feudal Age
14:53 Castle Age
15:24 Double-Bit Axe
19:54 Bow Saw
25:15 Fletching
27:50 Scale Barding Armor
27:57 Bodkin Arrow
Connection lost

Rejoining the realm…

Still unreachable

The connection could not be restored.

Session expired

The server has moved on; the page needs a fresh start.